AoeStats
← Tony_nwa TTV

Fortress

508993627Analyzed
4v4 RM · 7d ago on Sep 25, 2026· 50m 18s· 8 players
Game mode
Random Map
Map size
Huge
Population
200
Speed
Normal
Resources
Standard
Victory
Conquest
Starting age
Dark Age
Ending age
Imperial Age
RankedLock teamsTeams togetherTeam positionsShared explorationLock speedFull tech treeHidden civsTurbo modeCheats
Victory
Defeat
🇩🇪 Danes · Germany
1000
+14
🇲🇽 Spanish · Mexico
965
+15
🇵🇪 Hindustanis · Peru
926
+17
🇨🇱 Huns · Chile
918
+17
🇺🇸 Ethiopians · United States
1008
-18
🇨🇱 Franks · Chile
945
-16
🇲🇽 Huns · Mexico
936
-15
🇺🇸 Burgundians · United States
892
-14
Ghost
6:14 Double-Bit Axe
6:12 Horse Collar
9:53 Feudal Age
9:00 Loom
11:55 Bow Saw
11:50 Heavy Plow
11:46 Gold Mining
19:37 Castle Age
18:56 Wheelbarrow
20:19 Cavalier
21:04 Husbandry
22:14 Crop Rotation
23:45 Scale Barding Armor
23:51 Forging
27:23 Two-Man Saw
28:37 Chain Barding Armor
28:52 Iron Casting
48:21 Imperial Age
Quack Y Attack
5:56 Loom
8:07 Feudal Age
11:52 Castle Age
9:44 Double-Bit Axe
10:01 Horse Collar
12:46 Bow Saw
12:39 Heavy Plow
13:09 Squires
15:57 Fletching
17:34 Crossbowman
21:34 Wheelbarrow
21:40 Bodkin Arrow
26:02 Imperial Age
25:05 Padded Archer Armor
25:51 Hand Cart
26:21 Thumb Ring
26:43 Bracer
26:10 Arbalester
31:22 Leather Archer Armor
32:23 Ballistics
33:04 Chemistry
35:28 Town Watch
41:31 Two-Man Saw
45:56 Caravan
47:06 Conscription
Mex
0:31 Loom
8:05 Feudal Age
9:30 Wheelbarrow
8:40 Horse Collar
11:22 Double-Bit Axe
12:13 Gold Mining
16:25 Castle Age
15:11 Scale Barding Armor
18:22 Chain Barding Armor
19:55 Hand Cart
22:55 Heavy Plow
23:11 Bow Saw
26:53 Imperial Age
26:28 Masonry
26:15 Fletching
26:26 Padded Archer Armor
30:20 Husbandry
30:30 Bloodlines
30:42 Thumb Ring
31:32 Parthian Tactics
31:53 Conscription
32:26 Marauders
33:43 Leather Archer Armor
35:44 Chemistry
34:38 Capped Ram
36:27 Bodkin Arrow
37:08 Plate Barding Armor
36:01 Elite Skirmisher
41:14 Bracer
40:39 Siege Ram
42:12 Marauders
41:42 Elite Tarkan
45:16 Light Cavalry
RafaelLoz
0:48 Loom
10:26 Feudal Age
15:06 Wheelbarrow
17:25 Castle Age
15:18 Double-Bit Axe
17:02 Scale Barding Armor
19:00 Bow Saw
30:16 Imperial Age
28:30 Forging
29:32 Hand Cart
31:17 Iron Casting
30:52 Husbandry
30:30 Cavalier
33:24 Light Cavalry
34:18 Caravan
36:18 Paladin
38:48 Blast Furnace
38:31 Ordonnance Companies
39:23 Padded Archer Armor
39:55 Town Watch
40:04 Fletching
43:52 Conscription
50:53 Chain Barding Armor
Tony_nwa TTV
7:43 Feudal Age
9:00 Double-Bit Axe
14:11 Castle Age
15:16 Gold Mining
17:47 Bow Saw
22:25 Loom
27:21 Imperial Age
25:28 Wheelbarrow
24:39 Town Watch
25:18 Bloodlines
25:18 Horse Collar
28:01 Loom
28:31 Hand Cart
28:16 Town Patrol
28:10 Stone Mining
29:21 Two-Man Saw
28:23 Heavy Plow
30:49 Conscription
32:22 Stone Shaft Mining
33:08 Fortified Wall
33:12 Masonry
33:48 Husbandry
33:59 Scale Barding Armor
34:16 Murder Holes
35:01 Ballistics
35:13 Architecture
34:12 Elite Conquistador
40:50 Coinage
48:43 Chemistry
48:36 Banking
ciborg
7:31 Feudal Age
14:09 Castle Age
13:31 Double-Bit Axe
13:29 Horse Collar
16:32 Bow Saw
16:36 Heavy Plow
22:17 Caravan
23:18 Gold Mining
23:20 Stone Mining
24:19 Wheelbarrow
24:01 Scale Barding Armor
24:08 Forging
25:45 Gold Shaft Mining
27:35 Hand Cart
32:28 Imperial Age
30:37 Iron Casting
30:09 Marauders
30:29 Bloodlines
32:18 Chain Barding Armor
32:01 Husbandry
33:29 Elite Tarkan
34:48 Plate Barding Armor
35:14 Blast Furnace
35:43 Two-Man Saw
34:35 Loom
38:04 Chemistry
Hrakiir
8:02 Feudal Age
9:49 Double-Bit Axe
9:46 Horse Collar
16:38 Castle Age
18:01 Bow Saw
18:58 Wheelbarrow
20:41 Heavy Plow
20:35 Gold Mining
20:39 Stone Mining
20:52 Pikeman
21:35 Squires
22:57 Hand Cart
24:20 Gold Shaft Mining
24:39 Scale Mail Armor
24:50 Forging
25:05 Masonry
27:39 Imperial Age
24:56 Loom
33:15 Siege Engineers
33:37 Conscription
33:03 Halberdier
33:57 Onager
34:13 Northmen's Fury
36:06 Siege Onager
38:13 Caravan
39:59 Chemistry
39:39 Chain Mail Armor
40:00 Iron Casting
DesTajador
0:58 Loom
1:57 Loom
9:05 Feudal Age
13:30 Castle Age
11:51 Double-Bit Axe
13:16 Horse Collar
19:41 Wheelbarrow
19:40 Town Watch
21:05 Bloodlines
22:25 Gold Mining
27:43 Imperial Age
25:24 Fletching
27:02 Gold Shaft Mining
27:45 Ballistics
29:30 Chemistry
28:18 Elite Skirmisher
29:12 Bodkin Arrow
29:53 Padded Archer Armor
30:28 Light Cavalry
31:22 Bracer
32:27 Fortified Wall
32:50 Hussar
32:52 Heavy Camel Rider
34:45 Husbandry
34:52 Scale Barding Armor
35:38 Forging
37:26 Iron Casting
37:14 Chain Barding Armor
39:01 Leather Archer Armor
40:01 Blast Furnace
41:10 Plate Barding Armor
45:42 Stone Mining
46:24 Leather Archer Armor
49:00 Ring Archer Armor
49:01 Imperial Camel Rider
50:22 Bow Saw
50:16 Heavy Plow
Connection lost

Rejoining the realm…

Still unreachable

The connection could not be restored.

Session expired

The server has moved on; the page needs a fresh start.